 Dungeon Crawl Stone Soup version 0.29.1-1-gd02db6906a (webtiles) character file.

Game seed: 12121227624320616795

39 groovy9 the Conjurer (level 3, -1/19 HPs)
             Began as a Deep Elf Conjurer on Sept 20, 2022.
             Slain by Terence
             ... wielding a +0 hand axe
              (3 damage)
             ... on level 2 of the Dungeon.
             The game lasted 00:02:47 (1417 turns).

groovy9 the Conjurer (Deep Elf Conjurer)            Turns: 1417, Time: 00:02:47

Health: -1/19      AC:  3    Str:  4    XL:     3   Next: 28%
Magic:  9/10       EV: 12    Int: 24    God:
Gold:   83         SH:  0    Dex: 13    Spells: 9/10 levels left

rFire   . . .      SeeInvis .   c - +0 quarterstaff
rCold   . . .      Faith    .   (shield currently unavailable)
rNeg    . . .      Spirit   .   a - +1 robe
rPois   .          Reflect  .   (no helmet)
rElec   .          Harm     .   (no cloak)
rCorr   .          Rampage  .   (no gloves)
Will    .....                   (no boots)
Stlth   ++........              (no amulet)
HPRegen 0.06/turn               (no ring)
MPRegen 0.12/turn               (no ring)

@: no status effects
A: no striking features
a: no special abilities


You were on level 2 of the Dungeon.
You visited 1 branch of the dungeon, and saw 2 of its levels.

You collected 83 gold pieces.

Inventory:

Hand Weapons
 c - a +0 quarterstaff (weapon)
Armour
 a - a +1 robe (worn)
Scrolls
 e - a scroll of enchant armour
 f - a scroll of teleportation {unknown}
 g - a scroll of amnesia {unknown}
Potions
 b - a potion of magic
 d - a potion of heal wounds


   Skills:
 - Level 2.4 Dodging
 - Level 2.4 Stealth
 + Level 4.2 Spellcasting
 + Level 5.1 Conjurations


You had 9 spell levels left.
You knew the following spells:

 Your Spells              Type           Power      Damage    Failure   Level
a - Magic Dart            Conj           100%       1d8       1%          1

Your spell library contained the following spells:

 Spells                   Type           Power      Damage    Failure   Level
 Searing Ray              Conj           58%        2d6       1%          2
 Dazzling Flash           Conj/Hex       34%        N/A       10%         3
 Call Imp                 Summ           5%         N/A       14%         2
 Mephitic Cloud           Conj/Pois/Air  13%        N/A       14%         3
 Fulminant Prism          Conj/Hex       8%         3d7       32%         4
 Iskenderun's Mystic Bla  Conj/Tloc      17%        2d5       32%         4


Dungeon Overview and Level Annotations

Branches:
Dungeon (2/15)

Altars:

Annotations:
D:2 Terence


Message History

The magic dart hits the adder!
You kill the adder!
You pick up a book of Minor Magic and begin reading...
You add the spells Call Imp and Mephitic Cloud to your library.
f - a scroll labelled YLUMAPH SURO
g - a scroll labelled XESIOZXOCWY Terence the Incautious comes into view.
He is wielding a +0 hand axe.
Terence shouts!
The magic dart hits Terence.
Terence is moderately wounded.
Memorise Searing Ray, consuming 2 spell levels and leaving 7?
You start memorising the spell.
You continue memorising.
Terence hits you with a +0 hand axe.
Your memorisation is interrupted.
Casting: Magic Dart (safe; 1% risk of failure)
Confirm with . or Enter, or press ? or * to list all spells.
You don't know that spell.
Unknown command.
Casting: Magic Dart (safe; 1% risk of failure)
Confirm with . or Enter, or press ? or * to list all spells.
Okay, then.
Okay, then.
Okay, then.
The magic dart hits Terence but does no damage.
Terence is moderately wounded.
Terence hits you with a +0 hand axe.
You closely miss Terence.
Terence is moderately wounded.
Terence closely misses you.
You hit Terence.
Terence is heavily wounded.
Terence hits you with a +0 hand axe.
You barely miss Terence.
Terence is heavily wounded.
Terence closely misses you.
You hit Terence.
Terence is severely wounded.
Terence hits you with a +0 hand axe.
* * * LOW HITPOINT WARNING * * *
Terence hits you with a +0 hand axe.
You die...

#.......# #..##
##..#.########..##
#.....# #.........
#.#..## #.####..##
#.#..# #..# #.#..#
#..# #.#..# #..#
#.#..# #..# #@#..#
...## #@#..# .....
.#. #...## .# #.
.# #. ## ##


You could see Terence.

Vanquished Creatures
  An adder (D:2)
  A dart slug (D:1)
  2 ball pythons (D:1)
  3 endoplasms (D:1)
  2 goblins (D:1)
  3 hobgoblins
  4 jackals (D:1)
  A quokka (D:1)
  4 bats (D:1)
  2 frilled lizards (D:1)
  A kobold (D:2)
  3 rats
27 creatures vanquished.

Notes
Turn   | Place    | Note
-------+----------+-------------------------------------------
     0 | D:1      | groovy9 the Deep Elf Conjurer began the quest for the Orb.
     0 | D:1      | Reached XP level 1. HP: 10/10 MP: 6/6
   333 | D:1      | Reached XP level 2. HP: 15/15 MP: 3/8
  1081 | D:1      | Found a faded altar of an unknown god.
  1251 | D:2      | Reached skill level 5 in Conjurations
  1251 | D:2      | Reached XP level 3. HP: 19/19 MP: 8/10
  1409 | D:2      | Noticed Terence
  1417 | D:2      | Slain by Terence

Illustrated notes

Levels and vault maps discovered:
D:1:      minmay_arrival_loop, layout_loops_ring, basic_ecumenical_altar
D:2:      layout_loops_ring, minivault_26, uniq_terence, uniq_crazy_yiuf_cottage

Skill      XL: |  1  2 |
---------------+-------+-----
Spellcasting   | 4 |  4.2
Conjurations   | 5 |  5.1
Dodging        | |  2.4
Stealth        | |  2.4

Action                   || total
-------------------------++-------
Melee: Quarterstaff      ||    16
 Cast: Magic Dart        ||    47
  Use: Scroll            ||     2
Armor: Robe              ||     2
Dodge: Dodged            ||    15
